 Dungeon Crawl Stone Soup version 0.21-a0-504-g2eda330 (webtiles) character file.

57 KristoblXynda the Conjurer (level 3, 0/26 HPs)
             Began as a Draconian Conjurer on Nov 25, 2017.
             Was a Follower of Cheibriados.
             Slain by a gnoll
             ... wielding a cursed -1 whip
              (6 damage)
             ... on level 2 of the Dungeon.
             The game lasted 00:05:02 (1578 turns).

KristoblXynda the Conjurer (Draconian Conjurer)     Turns: 1578, Time: 00:05:02

Health: 0/26       AC:  5    Str: 12    XL:     3   Next: 73%
Magic:  0/7        EV: 12    Int: 18    God:    Cheibriados [*.....]
Gold:   57         SH:  0    Dex: 13    Spells: 6/7 levels left

rFire    . . .     SeeInvis .   k - +0 dagger
rCold    . . .     Gourm    .   (no shield)
rNeg     . . .     Faith    .   (armour unavailable)
rPois    .         Spirit   .   (helmet restricted)
rElec    .         Reflect  .   (no cloak)
rCorr    .         Harm     .   (no gloves)
MR       +....                  (no boots)
Stlth    ++........             (no amulet)
HPRegen  0.08/turn              i - ring of protection from magic
MPRegen  0.10/turn              (no ring)

@: very slow
A: unfitting armour, cold-blooded, AC +5
a: Bend Time, Renounce Religion


You were on level 2 of the Dungeon.
You worshipped Cheibriados.
Cheibriados was aware of your devotion.
You were not hungry.

You visited 1 branch of the dungeon, and saw 2 of its levels.

You collected 57 gold pieces.

Inventory:

Hand Weapons
 k - a +0 dagger (weapon)
Jewellery
 i - a ring of protection from magic (left hand)
 j - a cursed amulet of inaccuracy {unknown}
Scrolls
 c - 3 scrolls of identify {unknown}
 d - a scroll of enchant weapon {unknown}
 g - a scroll of enchant armour {unknown}
 l - a scroll of teleportation {unknown}
 m - 2 scrolls of magic mapping {unknown}
Potions
 f - a potion of lignification {unknown}
Books
 a - a book of Conjurations

   Spells                             Type                      Level
   a - Magic Dart                     Conjuration                  1
   b - Searing Ray                    Conjuration                  2
   c - Dazzling Spray                 Conjuration/Hexes            3
   d - Fulminant Prism                Conjuration/Hexes            4
   e - Force Lance                    Conjuration/Translocation    4
   f - Iskenderun's Mystic Blast      Conjuration                  4
Comestibles
 b - 2 bread rations


   Skills:
 - Level 1.7 Dodging
 - Level 1.7 Stealth
 + Level 1.0 Unarmed Combat
 + Level 2.9 Spellcasting
 + Level 4.7 Conjurations


You had 6 spell levels left.
You knew the following spells:

 Your Spells              Type           Power        Failure   Level  Hunger
a - Magic Dart            Conj           ###.         2%          1    None


Dungeon Overview and Level Annotations

Branches:
Dungeon (2/15)

Altars:
Cheibriados


Innate Abilities, Weirdness & Mutations

Your plain brown scales are hard. (AC +5)
You cannot fit into any form of body armour.
You are cold-blooded and may be slowed by cold attacks.


Message History

The gnoll hits you with an enchanted whip.
* * * LOW HITPOINT WARNING * * *
It was a potion of curing.
You feel better.
The gnoll hits you with an enchanted whip.
Unknown command.
Casting: Magic Dart
Confirm with . or Enter, or press ? or * to list all spells.
You don't know that spell.
You hit the gnoll but do no damage.
The gnoll is severely wounded.
The gnoll closely misses you.
You hit the gnoll but do no damage.
Your tail-slap misses the gnoll.
The gnoll is severely wounded.
The gnoll hits you with an enchanted whip.
* * * LOW HITPOINT WARNING * * *
You closely miss the gnoll.
You tail-slap the gnoll, but do no damage.
The gnoll is severely wounded.
The gnoll hits you with an enchanted whip.
You die...

#.# #.# #.# #.# #.# #.# #.# ##
#.#.#.# #.## #.#.#.# ##...##
#.#.#.####.....###
#.#.#............# .#########
#@#.####.......... ..g......##
#g#.# ##.........
#####!.g###g#.######.....#.
.............)...............#
#######...####†#######.....#..
##.## #.# #.....# #.. ..#
####### #### ####


You could see 2 gnolls.

Vanquished Creatures
  A gnoll (D:2)
  An ooze (D:1)
  A dart slug (D:1)
  3 giant cockroaches
  3 goblins (D:2)
  7 hobgoblins
  9 jackals
  3 kobolds
  5 bats
  3 frilled lizards
36 creatures vanquished.

Notes
Turn   | Place    | Note
-------+----------+-------------------------------------------
     0 | D:1      | KristoblXynda the Draconian Conjurer began the quest for the Orb.
     0 | D:1      | Reached XP level 1. HP: 14/14 MP: 3/3
   285 | D:1      | Reached XP level 2. HP: 12/20 MP: 1/5
  1119 | D:1      | Found a snail-covered altar of Cheibriados.
  1149 | D:1      | Became a worshipper of Cheibriados the Contemplative
  1308 | D:2      | Reached XP level 3. HP: 19/26 MP: 1/7
  1541 | D:2      | Reached * piety under Cheibriados
  1567 | D:2      | Reached skill level 1 in Unarmed Combat
  1574 | D:2      | HP: 1/26 [gnoll/enchanted whip (3)]
  1578 | D:2      | Slain by a gnoll

Vault maps used:
D:1:      dpeg_arrival_windows_large_door, cheibriados_altar_1

Skill      XL: |  1  2  3 |
---------------+----------+-----
Unarmed Combat | 1 |  1.0
Dodging        | |  1.7
Stealth        | |  1.7
Spellcasting   | |  2.9
Conjurations   | |  4.7

Action                   || total
-------------------------++-------
Melee: Unarmed           ||   123
       Tailslap          ||    16
       Dagger            ||    11
 Cast: Magic Dart        ||    52
  Use: Potion            ||     2
  Eat: Chunk             ||     3
Armor: Skin              ||    42
Dodge: Dodged            ||   101

Table legend:
 A = Spawn XP
 B = Non-spawn XP
 C = Spawn XP percentage of total XP
 D = Spawn monster count
 E = Non-spawn monster count
 F = Spawn count percentage of total count
 G = Total turns spent on level
                    A         B        C        D         E        F      G
               +---------+---------+-------+---------+---------+-------+---------
         Total |       0 |      82 |   0.0 |       0 |      36 |   0.0 |  1578
               +---------+---------+-------+---------+---------+-------+---------
           D:1 |       0 |      36 |   0.0 |       0 |      17 |   0.0 |  1268
           D:2 |       0 |      46 |   0.0 |       0 |      19 |   0.0 |   310
               +---------+---------+-------+---------+---------+-------+---------
